 Dungeon Crawl Stone Soup version 0.24.0-13-gcf9b3192b9 (webtiles) character file.

Game seed: 9927683277447055591, levelgen mode: deterministic

191 zkyp the Charlatan (level 5, 0/42 HPs)
             Began as a Demigod Artificer on Nov 10, 2019.
             Slain by a scorpion (6 damage)
             ... on level 4 of the Dungeon.
             The game lasted 00:04:45 (3851 turns).

zkyp the Charlatan (Demigod Artificer)              Turns: 3851, Time: 00:04:45

Health: 0/42       AC:  8    Str: 17    XL:     5   Next: 18%
Magic:  11/11      EV: 13    Int: 15    God:
Gold:   225        SH:  0    Dex: 16    Spells: 4/4 levels left

rFire    . . .     SeeInvis .   a - +0 short sword
rCold    . . .     Gourm    .   (no shield)
rNeg     . . .     Faith    .   u - +0 ring mail
rPois    .         Spirit   .   r - +1 helmet
rElec    .         Reflect  .   (no cloak)
rCorr    .         Harm     .   (no gloves)
MR       .....                  q - +0 pair of boots
Stlth    +.........             (no amulet)
HPRegen  0.14/turn              (no ring)
MPRegen  0.12/turn              x - +2 ring of evasion

@: lethally poisoned (0 -> -10)
A: high mp 1
a: no special abilities


You were on level 4 of the Dungeon.
You were not hungry.

You visited 1 branch of the dungeon, and saw 4 of its levels.

You collected 225 gold pieces.

Inventory:

Hand Weapons
 a - a +0 short sword (weapon)
Missiles
 t - 2 boomerangs (quivered)
Armour
 q - a +0 pair of boots (worn)
 r - a +1 helmet (worn)
 u - a +0 ring mail (worn)
Jewellery
 x - a +2 ring of evasion (right hand)
Wands
 e - a wand of random effects (7)
Scrolls
 b - a scroll of magic mapping {unknown}
 c - a scroll of random uselessness {unknown}
 d - a scroll of blinking
 i - 2 scrolls of remove curse {@r1}
 l - a scroll of fog
 m - a scroll of fear
 s - a scroll of noise {unknown}
Potions
 g - a potion of curing {@q1}
 h - a potion of ambrosia
 j - 3 potions of agility
 n - 2 potions of magic
 o - 2 potions of cancellation
 w - a potion of resistance
Comestibles
 f - 7 rations


   Skills:
 + Level 2.6 Fighting
 - Level 0.8 Short Blades
 - Level 1.7 Dodging
 - Level 0.8 Stealth
 - Level 5.0 Evocations


You had 4 spell levels left.
You didn't know any spells.
Your spell library contained the following spells:

 Spells                   Type           Power        Failure   Level  Hunger
 Animate Skeleton         Necr           N/A          45%         1    ##.....
 Apportation              Tloc           #.....       45%         1    ##.....
 Confusing Touch          Hex            #.....       45%         1    ##.....
 Summon Small Mammal      Summ           #...         45%         1    ##.....


Dungeon Overview and Level Annotations

Branches:
Dungeon (4/15)
 Temple: D:4-7


Innate Abilities, Weirdness & Mutations

You have an increased reservoir of magic. (+10% MP)


Message History

You hit the scorpion but do no damage.
The scorpion is severely wounded.
The scorpion barely misses you.
You hit the scorpion but do no damage.
The scorpion is severely wounded.
The scorpion stings you but does no damage.
You barely miss the scorpion.
The scorpion is severely wounded.
The scorpion barely misses you.
You hit the scorpion.
The scorpion is almost dead.
The scorpion closely misses you. The scorpion stings you.
* * * LOW HITPOINT WARNING * * *
You are lethally poisoned!
The scorpion poisons you!
You hit the scorpion.
The scorpion is almost dead.
* * * LOW HITPOINT WARNING * * *
You feel sick. The scorpion stings you.
You die...

.........._......
.........#.#....
.......# ..... ##.....#
...# # ##.....# #..# .##
#.....# ###.## ...#
##.....###..s.# ##.....
...........##.###......#
##.......####..s@.....#
##..#$_.## #.######..#
#....$..### #.#
...#..>...# #.#
.####..#......# #
#..####.... .... .###
#..... # #.....


You could see a scorpion.

Vanquished Creatures
  Natasha (thrice) (D:3)
  Robin (D:2)
  4 gnolls
  An adder (D:4)
  An adder skeleton (D:4)
  A worm (D:2)
  A dart slug (D:1)
  2 leopard geckos
  3 orcs (D:3)
  2 ball pythons (D:4)
  A giant cockroach (D:2)
  8 goblins
  8 hobgoblins
  5 kobolds (D:1)
  A quokka (D:3)
  3 bats
  6 rats
51 creatures vanquished.

Vanquished Creatures (collateral kills)
  A hobgoblin (D:2)
  A kobold (D:2)
  3 goblins (D:2)
5 creatures vanquished.

Vanquished Creatures (others)
  3 worms
  An orc (D:3)
  A hobgoblin (D:2)
  2 goblins
7 creatures vanquished.

Grand Total: 63 creatures vanquished

Notes
Turn   | Place    | Note
-------+----------+-------------------------------------------
     0 | D:1      | zkyp the Demigod Artificer began the quest for the Orb.
     0 | D:1      | Reached XP level 1. HP: 15/15 MP: 5/5
     5 | D:1      | Reached skill level 1 in Fighting
    96 | D:1      | Reached XP level 2. HP: 6/24 MP: 6/6
   728 | D:1      | Reached skill level 3 in Evocations
   947 | D:2      | Noticed Robin
  1115 | D:2      | Killed Robin
  1115 | D:2      | Reached XP level 3. HP: 19/29 MP: 6/8
  1442 | D:2      | Found a glowing golden altar of the Shining One.
  1910 | D:2      | Found a sacrificial altar of Ru.
  2241 | D:3      | Reached skill level 4 in Evocations
  2611 | D:3      | Noticed Natasha
  2620 | D:3      | Killed Natasha
  2620 | D:3      | Reached XP level 4. HP: 27/36 MP: 9/9
  2888 | D:3      | Noticed Natasha
  2900 | D:3      | Killed Natasha
  2979 | D:3      | Noticed Natasha
  2983 | D:3      | Killed Natasha
  2983 | D:3      | Reached skill level 5 in Evocations
  3276 | D:2      | Reached XP level 5. HP: 31/41 MP: 11/11
  3596 | D:3      | Found a faded altar of an unknown god.
  3785 | D:4      | Found an opulent altar of Gozag.
  3787 | D:4      | Found a blossoming altar of Fedhas.
  3851 | D:4      | Slain by a scorpion

Levels and vault maps discovered:
D:1:      scummos_arrival_star, layout_rooms, serial_park_tiny_1
D:2:      layout_loops_ring, lemuel_round_altar, marbit_many_paths, uniq_robin
D:3:      layout_basic, chequers_ecumenical_altar_simple,
          kennysheep_another_room, uniq_natasha
D:4:      minmay_recursive_quarters, layout_layer_cave, lemuel_crystal_altar,
          nicolae_gozag_seed_capital

Skill      XL: |  1  2  3  4 |
---------------+-------------+-----
Fighting       | 2 |  2.6
Evocations     | 3 4 5 |  5.0
Short Blades   | |  0.8
Dodging        | |  1.7
Stealth        | |  0.8

Action                   |  1- 3 |  4- 6 || total
-------------------------+-------+-------++-------
Melee: Short sword       |   146 |    83 ||   229
Throw: Boomerang         |       |     7 ||     7
Evoke: Wand              |    28 |    10 ||    38
  Use: Scroll            |       |    11 ||    11
       Potion            |       |     1 ||     1
 Stab: Sleeping          |     2 |       ||     2
  Eat: Chunk             |     3 |     3 ||     6
       Ration            |     1 |       ||     1
Armor: Leather armour    |    27 |       ||    27
       Ring mail         |     2 |    40 ||    42
Dodge: Dodged            |   108 |    72 ||   180
